 Dungeon Sprint DCSS version 0.22-a0-422-g9628fc87f1 (webtiles) character file.

36307 Ebeneezer the Wrestler (level 13, -28/114 HPs)
             Began as a Ghoul Monk on May 21, 2018.
             Was the Champion of Cheibriados.
             Annihilated by Saint Roka
             ... wielding a +2 war axe of pain
              (32 damage)
             ... in the Dungeon (Sprint IX: "|||||||||||||||||||||||||||||").
             The game lasted 00:04:54 (3789 turns).

Ebeneezer the Wrestler (Ghoul Monk)                 Turns: 3789, Time: 00:04:55

Health: -28/114    AC: 23    Str: 31    XL:     13   Next: 89%
Magic:  16/25      EV: 19    Int: 23    God:    Cheibriados [******]
Gold:   1245       SH:  0    Dex: 30    Spells: 12/12 levels left

rFire    + . .     SeeInvis .     - Unarmed
rCold    + . .     Gourm    .   (no shield)
rNeg     + + +     Faith    .   G - +2 plate armour {rF+}
rPois    ∞         Spirit   .   n - +0 helmet
rElec    .         Reflect  .   F - +1 cloak
rCorr    .         Harm     .   (no gloves)
MR       .....     NoTele   +   E - +0 pair of boots {Fly}
Stlth    ..........             (no amulet)
HPRegen  0.00/turn              q - +2 ring of evasion
MPRegen  0.19/turn              r - +3 ring of intelligence

@: flying, rotting, very slow
A: rotting body, claws 1, carnivore, cold resistance 1, negative energy
resistance 3, inhibited regeneration, torment resistance, unbreathing
a: Bend Time, Temporal Distortion, Slouch, Step From Time, Renounce Religion,
Stop Flying


You were in the Dungeon.
You worshipped Cheibriados.
Cheibriados was exalted by your worship.
You were not hungry.

You visited 1 branch You collected 1915 gold pieces.
You spent 670 gold pieces at shops.

Inventory:

Armour
 n - a +0 helmet (worn)
 o - a +0 pair of boots
 p - a +1 scale mail
 x - a +0 cloak
 E - a +0 pair of boots of flying (worn)
 F - a +1 cloak (worn)
 G - a +2 plate armour of fire resistance (worn)
Jewellery
 q - a +2 ring of evasion (left claw)
 r - a +3 ring of intelligence (right claw)
 v - a +4 ring of dexterity {unknown}
 z - an uncursed amulet of the acrobat {unknown}
 B - an uncursed ring of protection from magic
 C - an uncursed ring of protection from cold
 D - an uncursed ring of protection from cold
Wands
 m - a wand of iceblast (10)
Scrolls
 h - 2 scrolls of blinking
 k - 5 scrolls of remove curse
 l - 2 scrolls of amnesia
 s - a scroll of identify
 t - 3 scrolls of enchant weapon
 u - 5 scrolls of fear
 y - a scroll of magic mapping {unknown}
 A - a scroll of immolation {unknown}
 I - a scroll of fog
Potions
 a - a potion of might
 c - 6 potions of curing
 d - 12 potions of heal wounds
 e - a potion of haste
 f - 4 potions of magic
 g - a potion of berserk rage
 i - 6 potions of agility
 j - a potion of invisibility
 w - a potion of flight
 H - a potion of brilliance
Comestibles
 b - 11 rations
 J - 4 chunks of flesh


   Skills:
 + Level 10.7 Fighting
 + Level 12.8 Armour
 + Level 9.1 Dodging
 - Level 2.1 Stealth
 + Level 24.6 Unarmed Combat
 * Level 19.9 Invocations


You had 12 spell levels left.
You didn't know any spells.
Your spell library was empty.

Dungeon Overview and Level Annotations

Branches:
Dungeon (1/1)

Altars:
Cheibriados
Dithmenos
Elyvilon
Fedhas
Gozag
Hepliaklqana
Kikubaaqudgha
Makhleb
Nemelex Xobeh
Okawaru
Qazlal
Ru
Sif Muna
Trog
Uskayaw
Vehumet
Wu Jian
Xom
Yredelemnul
Zin
The Shining One
Beogh
Jiyva
Lugonu

Shops:
D **(?

Annotations:
D Saint Roka


Innate Abilities, Weirdness & Mutations

Your body is rotting away.
You thrive on raw meat.
You are immune to poison.
You have sharp fingernails.
You are carnivorous and can eat meat at any time.
Your flesh is cold resistant. (rC+)
You are immune to negative energy. (rN+++)
You do not regenerate when monsters are visible.
You are immune to unholy pain and torment.
You can survive without breathing.


Message History

Saint Roka hits you with a war axe of pain!!
You scratch Saint Roka. You claw Saint Roka.
Saint Roka is heavily wounded.
Some of the chunks of flesh in your inventory have rotted away.
You scratch Saint Roka.
Saint Roka is heavily wounded.
Saint Roka barely misses you.
You completely miss Saint Roka.
Saint Roka is heavily wounded.
Saint Roka hits you with a war axe of pain!
You mangle Saint Roka!!
Saint Roka is heavily wounded.
You eviscerate Saint Roka!!! You claw Saint Roka!
Saint Roka is severely wounded.
Saint Roka hits you with a war axe of pain!!!
* * * LOW HITPOINT WARNING * * *
You scratch Saint Roka but do no damage.
Saint Roka is severely wounded.
Saint Roka hits you with a war axe of pain!!
You die...

.▓[▓.▓.▓.▓.▓.▓.▓.▓
.▓.▓.▓.▓.▓.▓.▓.▓.▓
.▓.▓.▓.▓.▓)▓.▓'▓.▓
.▓'▓.▓.▓.▓.▓.▓.▓.▓
.▓)▓.▓.▓.▓.▓.▓.▓.▓
.▓.▓.▓∩▓.▓.▓.▓.▓.▓
.▓[▓.▓)▓.▓)▓.▓.▓.▓
.▓.▓.▓∩▓.▓.▓.▓.▓.▓
.▓.▓.▓)▓.▓)▓.▓.▓@▓
.▓.▓.▓∩▓)▓)▓.▓.▓o▓
.▓.▓.▓)▓.▓.▓.▓.▓o▓
.▓.▓.▓∩▓.▓(▓.▓.▓.▓
.▓.▓.▓)▓.▓)▓.▓'▓)▓
.▓.▓.▓)▓.▓(▓.▓.▓.▓
.▓.▓.▓.▓.▓.▓.▓.▓.▓
.▓.▓.▓.▓.▓)▓.▓.▓)▓
.▓÷▓.▓)▓.▓.▓.▓(▓


You could see Saint Roka (berserk) and an orc warrior.

Vanquished Creatures
  Frances (D)
  A thorn hunter (D)
  A fire giant (D)
  A stone giant (D)
  An ettin (D)
  A fire dragon (D)
  Harold (D)
  Josephine (D)
  A hydra (D)
  2 rakshasas (D)
  3 alligators (D)
  A centaur warrior (D)
  A naga sharpshooter (D)
  Urug (D)
  3 shock serpents (D)
  A sea snake (D)
  A glowing orange brain (D)
  A naga ritualist (D)
  An orb spider (D)
  An ugly thing (D)
  An orc knight (D)
  2 cyclopes (D)
  11 orc sorcerers (D)
  2 wolf spiders (D)
  2 merfolk sirens (D)
  A naga mage (D)
  2 black mambas (D)
  3 water nymphs (D)
  2 spiny frogs (D)
  2 demonic crawlers (D)
  A rime drake (D)
  An efreet (D)
  A yaktaur (D)
  A jumping spider (D)
  A jumping spider (shapeshifter) (D)
  A troll (D)
  2 merfolk (D)
  A tengu conjurer (D)
  2 slime creatures (D)
  2 blink frogs (D)
  A hippogriff (D)
  2 redbacks (D)
  4 wraiths (D)
  A wyvern (D)
  A tarantella (D)
  2 yaks (D)
  An insubstantial wisp (D)
  4 water moccasins (D)
  A naga (D)
  4 wargs (D)
  A hell hound (D)
  A porcupine (D)
  14 orc warriors (D)
  4 wolves (D)
  An ogre (D)
  A boggart (D)
  3 crocodiles (D)
  4 bullfrogs (D)
  2 quasits (D)
  2 orc priests (D)
  6 orc wizards (D)
  2 iguanas (D)
  A worker ant (D)
  An adder zombie (D)
  2 adder skeletons (D)
  A dart slug (D)
  A leopard gecko (D)
  7 orcs (D)
  A giant cockroach (D)
  A hobgoblin (D)
  A quokka (D)
  A ball python zombie (D)
  A frilled lizard (D)
  A jackal zombie (D)
  A kobold (D)
  A leopard gecko zombie (D)
  A rat (D)
150 creatures vanquished.

Notes
Turn   | Place    | Note
-------+----------+-------------------------------------------
     0 | D        | Ebeneezer the Ghoul Monk began the quest for the Orb.
     0 | D        | Reached XP level 1. HP: 19/19 MP: 0/0
     6 | D        | Reached skill level 4 in Unarmed Combat
    10 | D        | Reached skill level 5 in Unarmed Combat
    24 | D        | Noticed a quasit
    27 | D        | Reached XP level 2. HP: 24/26 MP: 1/1
    34 | D        | Reached skill level 8 in Unarmed Combat
    34 | D        | Reached XP level 3. HP: 24/31 MP: 2/2
    47 | D        | Found a roughly hewn altar of Beogh.
    47 | D        | Found a snail-covered altar of Cheibriados.
    47 | D        | Found a shadowy altar of Dithmenos.
    47 | D        | Found a white marble altar of Elyvilon.
    47 | D        | Found a blossoming altar of Fedhas.
    47 | D        | Found an opulent altar of Gozag.
    48 | D        | Found a hazy altar of Hepliaklqana.
    49 | D        | Found a viscous altar of Jiyva.
    50 | D        | Found an ancient bone altar of Kikubaaqudgha.
    51 | D        | Became a worshipper of Cheibriados the Contemplative
    51 | D        | Reached * piety under Cheibriados
    51 | D        | Reached ** piety under Cheibriados
    52 | D        | Found a corrupted altar of Lugonu.
    53 | D        | Found a burning altar of Makhleb.
    54 | D        | Found a sparkling altar of Nemelex Xobeh.
    55 | D        | Found an iron altar of Okawaru.
    56 | D        | Found a stormy altar of Qazlal.
    57 | D        | Found a sacrificial altar of Ru.
    58 | D        | Found a deep blue altar of Sif Muna.
    59 | D        | Found a bloodstained altar of Trog.
    60 | D        | Found a hide-covered altar of Uskayaw.
    61 | D        | Found a radiant altar of Vehumet.
    62 | D        | Found an ornate altar of the Wu Jian Council.
    63 | D        | Found a shimmering altar of Xom.
    64 | D        | Found a basalt altar of Yredelemnul.
    65 | D        | Found a glowing silver altar of Zin.
    66 | D        | Found a glowing golden altar of the Shining One.
   129 | D        | Reached *** piety under Cheibriados
   129 | D        | Reached skill level 1 in Invocations
   129 | D        | Reached XP level 4. HP: 28/39 MP: 2/4
   132 | D        | Reached **** piety under Cheibriados
   132 | D        | Reached skill level 9 in Unarmed Combat
   136 | D        | Reached XP level 5. HP: 33/46 MP: 2/6
   176 | D        | Noticed a cyan ugly thing
   176 | D        | Noticed a tengu conjurer
   176 | D        | Noticed a yak
   177 | D        | Reached skill level 5 in Fighting
   182 | D        | Reached ***** piety under Cheibriados
   182 | D        | Reached skill level 10 in Unarmed Combat
   185 | D        | Reached XP level 6. HP: 54/57 MP: 6/8
   188 | D        | Killed a yak
   188 | D        | Reached skill level 5 in Dodging
   188 | D        | Reached skill level 11 in Unarmed Combat
   188 | D        | Reached skill level 5 in Invocations
   196 | D        | Killed a tengu conjurer
   196 | D        | Reached skill level 1 in Armour
   196 | D        | Reached skill level 12 in Unarmed Combat
   196 | D        | Reached XP level 7. HP: 27/64 MP: 7/11
   201 | D        | Killed a cyan ugly thing
   201 | D        | Reached skill level 13 in Unarmed Combat
   201 | D        | Reached XP level 8. HP: 31/73 MP: 7/13
   489 | D        | Noticed a spiny frog
   489 | D        | Noticed a wyvern
   490 | D        | Noticed a yak
   496 | D        | Killed a wyvern
   496 | D        | Reached skill level 14 in Unarmed Combat
   499 | D        | Noticed a rime drake
   506 | D        | Reached ****** piety under Cheibriados
   511 | D        | Killed a spiny frog
   511 | D        | Reached skill level 15 in Unarmed Combat
   511 | D        | Reached XP level 9. HP: 60/80 MP: 14/14
   525 | D        | Killed a rime drake
   534 | D        | Reached skill level 16 in Unarmed Combat
   668 | D        | Reached skill level 10 in Invocations
   670 | D        | Reached skill level 17 in Unarmed Combat
   674 | D        | Reached XP level 10. HP: 90/90 MP: 11/16
   733 | D        | Reached skill level 5 in Armour
   792 | D        | Noticed Harold
   801 | D        | Killed Harold
   801 | D        | Reached skill level 18 in Unarmed Combat
   877 | D        | Noticed an orc knight
   886 | D        | Noticed a stone giant
   887 | D        | Killed an orc knight
   889 | D        | Noticed an ettin
   894 | D        | Killed a stone giant
   894 | D        | Reached skill level 19 in Unarmed Combat
   894 | D        | Reached XP level 11. HP: 37/97 MP: 4/19
   896 | D        | Killed an ettin
  1262 | D        | Noticed an orc sorcerer
  1274 | D        | Killed an orc sorcerer
  1291 | D        | Reached skill level 20 in Unarmed Combat
  1587 | D        | Found Poryireb's Magic Scroll Boutique.
  1587 | D        | Noticed an orc sorcerer
  1587 | D        | Noticed an orc sorcerer
  1587 | D        | Noticed an orc sorcerer
  1587 | D        | Noticed an orc sorcerer
  1588 | D        | Noticed an orc sorcerer
  1590 | D        | Killed an orc sorcerer
  1594 | D        | Killed an orc sorcerer
  1594 | D        | Killed an orc sorcerer
  1594 | D        | Killed an orc sorcerer
  1594 | D        | Killed an orc sorcerer
  1595 | D        | Found Ukoik's Weapon Shop.
  1598 | D        | Found Ziell's General Store.
  1601 | D        | Found Yfutoguw's Assorted Antiques.
  1602 | D        | Noticed an orc sorcerer
  1604 | D        | Noticed an orc sorcerer
  1606 | D        | Noticed an orc sorcerer
  1606 | D        | Noticed an orc sorcerer
  1609 | D        | Killed an orc sorcerer
  1610 | D        | Paralysed by an orc sorcerer for 7 turns
  1617 | D        | Killed an orc sorcerer
  1620 | D        | Killed an orc sorcerer
  1620 | D        | Reached skill level 15 in Invocations
  1621 | D        | Killed an orc sorcerer
  1677 | D        | Bought an encrusted iron ring for 140 gold pieces
  1677 | D        | Bought a potion of agility for 112 gold pieces
  1677 | D        | Bought a scroll labeled UTZAG WEWN for 28 gold pieces
  1677 | D        | Bought a small emerald amulet for 140 gold pieces
  1677 | D        | Bought a scroll labeled IRRASTR REAR for 28 gold pieces
  1679 | D        | Bought a potion of heal wounds for 65 gold pieces
  1679 | D        | Bought a potion of agility for 52 gold pieces
  1683 | D        | Bought a scroll of enchant weapon for 105 gold pieces
  1704 | D        | Noticed Urug
  1713 | D        | Killed Urug
  1713 | D        | Reached XP level 12. HP: 69/106 MP: 22/22
  1861 | D        | Noticed Josephine
  1869 | D        | Killed Josephine
  1869 | D        | Reached skill level 21 in Unarmed Combat
  2011 | D        | Noticed a rakshasa
  2013 | D        | Killed a rakshasa
  2022 | D        | Noticed a centaur warrior
  2023 | D        | Reached skill level 10 in Fighting
  2024 | D        | Noticed a fire dragon
  2025 | D        | Noticed a rakshasa
  2026 | D        | Noticed a fire giant
  2036 | D        | Killed a centaur warrior
  2048 | D        | Killed a fire dragon
  2048 | D        | Reached skill level 22 in Unarmed Combat
  2053 | D        | Killed a fire giant
  2053 | D        | Reached skill level 10 in Armour
  2073 | D        | Killed a rakshasa
  2447 | D        | Noticed Frances
  2457 | D        | Killed Frances
  2797 | D        | Noticed a shock serpent
  2797 | D        | Noticed a shock serpent
  2797 | D        | Noticed a naga sharpshooter
  2799 | D        | Reached XP level 13. HP: 113/113 MP: 24/24
  2803 | D        | Reached skill level 23 in Unarmed Combat
  3119 | D        | Noticed a thorn hunter
  3133 | D        | Killed a thorn hunter
  3137 | D        | Reached skill level 24 in Unarmed Combat
  3775 | D        | Noticed Saint Roka
  3788 | D        | HP: 4/114 [Saint Roka/war axe of pain (48)]
  3789 | D        | Annihilated by Saint Roka

Vault maps used:
D:        linesprint

Skill      XL: |  1  2  3  4  5  6  7  8  9 10 11 12 13 |
---------------+----------------------------------------+-----
Unarmed Combat | 5 8 9 10 12 13 15 17 19 20 22 24 | 24.6
Dodging        | 3 4 6 7 8 9 |  9.1
Invocations    | 1 3 4 6 8 9 10 12 15 17 19 | 19.9
Fighting       | 4 5 6 7 8 9 10 | 10.7
Armour         | 1 2 4 6 8 10 12 | 12.8
Stealth        | |  2.1

Action                   |  1- 3 |  4- 6 |  7- 9 | 10-12 | 13-15 || total
-------------------------+-------+-------+-------+-------+-------++-------
Melee: Unarmed           |    33 |    27 |    52 |   152 |    91 ||   355
       Punch             |     1 |       |     6 |    24 |    16 ||    47
Invok: Slouch            |       |       |     1 |     9 |     8 ||    18
 Stab: Sleeping          |     1 |       |       |       |       ||     1
  Eat: Chunk             |       |     1 |     1 |       |     3 ||     5
Armor: Robe              |     3 |       |       |       |       ||     3
       Scale mail        |       |     8 |     5 |    18 |       ||    31
       Plate armour      |       |       |       |    20 |    32 ||    52
Dodge: Dodged            |    15 |    21 |    33 |   107 |    48 ||   224

Table legend:
 A = Spawn XP
 B = Non-spawn XP
 C = Spawn XP percentage of total XP
 D = Spawn monster count
 E = Non-spawn monster count
 F = Spawn count percentage of total count
 G = Total turns spent on level
                    A         B        C        D         E        F      G
               +---------+---------+-------+---------+---------+-------+---------
         Total |       0 |   51868 |   0.0 |       0 |     150 |   0.0 |  3789
               +---------+---------+-------+---------+---------+-------+---------
             D |       0 |   51868 |   0.0 |       0 |     150 |   0.0 |  3789
               +---------+---------+-------+---------+---------+-------+---------
